 Dungeon Crawl Stone Soup version 0.28-a0-1429-gf3d713df7a (webtiles) character file.

Game seed: 1194708096273958812

82 anonymouscript the Stinger (level 4, -3/27 HPs)
             Began as an Octopode Venom Mage on Jan 9, 2022.
             Killed by divine providence
             ... invoked by an orc priest
              (17 damage)
             ... on level 5 of the Dungeon.
             The game lasted 00:08:00 (1602 turns).

anonymouscript the Stinger (Octopode Venom Mage)    Turns: 1602, Time: 00:08:01

Health: -3/27      AC:  1    Str:  7    XL:     4   Next: 43%
Magic:  1/7        EV: 17    Int: 17    God:
Gold:   65         SH:  0    Dex: 14    Spells: 4/7 levels left

rFire   . . .      SeeInvis .   (no weapon)
rCold   . . .      Faith    .   (no shield)
rNeg    . . .      Spirit   .   (helmet restricted)
rPois   .          Reflect  .   (no amulet)
rElec   .          Harm     .   b - +4 ring of evasion
rCorr   .          Rampage  .   (no ring)
Will    .....                   (no ring)
Stlth   +++.......              (no ring)
HPRegen 0.09/turn               (no ring)
MPRegen 0.10/turn               (no ring)
                                (no ring)
                                (no ring)

@: no status effects
A: almost no armour, amphibious, 8 rings, camouflage 1, gelatinous body 1,
(nimble swimmer 1), tentacles
a: no special abilities


You were on level 5 of the Dungeon.
You visited 1 branch of the dungeon, and saw 5 of its levels.

You collected 65 gold pieces.

Inventory:

Jewellery
 b - a +4 ring of evasion (left tentacle)
 h - an amulet of faith
 j - a ring of magical power
Wands
 g - a wand of mindburst (19)
Scrolls
 a - a scroll of enchant weapon {unknown}
 d - 2 scrolls of identify {unknown}
 f - a scroll of brand weapon {unknown}
Potions
 c - a potion of flight {unknown}
 e - a potion of brilliance {unknown}
 i - a potion of magic {unknown}


   Skills:
 + Level 0.1 Fighting
 + Level 2.2 Dodging
 + Level 3.0 Stealth
 + Level 0.2 Unarmed Combat
 + Level 2.4 Spellcasting
 + Level 1.7 Transmutations
 + Level 5.0 Poison Magic


You had 4 spell levels left.
You knew the following spells:

 Your Spells              Type           Power      Damage    Failure   Level
a - Sting                 Tmut/Pois      52%        1d5       4%          1
b - Poisonous Vapours     Pois/Air       20%        N/A       10%         2

Your spell library contained the following spells:

 Spells                   Type           Power      Damage    Failure   Level
 Animate Skeleton         Necr           4%         N/A       19%         1
 Pain                     Necr           8%         1d4       19%         1
 Olgreb's Toxic Radiance  Pois           19%        N/A       22%         4
 Corpse Rot               Necr/Air       4%         N/A       28%         2
 Mephitic Cloud           Conj/Pois/Air  7%         N/A       28%         3
 Vampiric Draining        Necr           2%         2d6       50%         3


Dungeon Overview and Level Annotations

Branches:
Dungeon (5/15)
 Temple: D:4-7

Altars:
Trog


Innate Abilities, Weirdness & Mutations

You cannot wear most types of armour.
You are amphibious.
You can wear up to eight rings at the same time.
Your skin changes colour to match your surroundings (Stealth+).
Your rubbery body absorbs attacks. (AC +1, EV +1)
((You are camouflaged when in or above water. (Stealth+)))
You have tentacles for arms and can constrict up to eight enemies at once.


Message History

The orc is moderately wounded.
You tentacle-slap the orc but do no damage.
Your grab misses the orc.
The orc is heavily wounded.
The orc hits you with a +0 falchion.
You tentacle-slap the orc but do no damage.
Your grab misses the orc.
The orc is heavily wounded.
The orc hits you with a +0 falchion. The orc hits you with a +0 falchion.
You kill the orc!
A gnoll comes into view. It is wielding a +0 flail.
There is a stone staircase leading down here.
A gnoll comes into view. It is wielding a +0 spear.
The gnoll shouts! x2
There is a stone staircase leading down here.
Casting: Sting (safe; 4% risk of failure)
Confirm with . or Enter, or press ? or * to list all spells.
You don't have enough magic to cast this spell.
The gnoll hits you with a +0 flail! The gnoll closely misses you.
You climb downwards.
The orc shouts!
You hear an angry hiss.
Found a stone staircase leading up.
There is a stone staircase leading up here.
You tentacle-slap the gnoll but do no damage.
Your grab misses the gnoll.
An orc priest comes into view. It is wielding a +0 club.
An orc comes into view. It is wielding a +0 war axe.
The gnoll closely misses you.
Casting: Sting (safe; 4% risk of failure)
Confirm with . or Enter, or press ? or * to list all spells.
Aiming: Sting (safe; 4% risk of failure)
Press: ? - help, Shift-Dir - straight line, f - gnoll
Aim: a gnoll, wielding a +0 flail (75% to hit)
The sting misses the gnoll.
The orc shouts!
The orc priest shouts!
The orc priest invokes the aid of Beogh against you.
Beogh smites you!
Ouch! That really hurt!
You die...

#########
#g.......
#@...o...
#........
#........
#......o<
#........
#......o.
#.......o
#........


You could see an orc priest, a gnoll and 3 orcs.

Vanquished Creatures
  Terence (D:3)
  A worm (D:2)
  2 dart slugs
  4 orcs (D:4)
  2 ball pythons (D:4)
  4 bats
  4 endoplasms
  3 giant cockroaches
  4 goblins
  2 hobgoblins
  4 jackals
  2 kobolds (D:1)
  2 quokkas (D:4)
  6 frilled lizards
  A rat (D:1)
42 creatures vanquished.

Notes
Turn   | Place    | Note
-------+----------+-------------------------------------------
     0 | D:1      | anonymouscript the Octopode Venom Mage began the quest for
                  | the Orb.
     0 | D:1      | Reached XP level 1. HP: 11/11 MP: 3/3
   261 | D:1      | Reached skill level 4 in Poison Magic
   402 | D:1      | Reached XP level 2. HP: 17/17 MP: 1/5
   483 | D:1      | Learned a level 2 spell: Poisonous Vapours
   932 | D:2      | Reached XP level 3. HP: 21/21 MP: 4/6
   972 | D:2      | Found a bloodstained altar of Trog.
  1253 | D:2      | You fall into a shaft and drop 1 floor!
  1258 | D:3      | Noticed Terence
  1287 | D:3      | Killed Terence
  1288 | D:3      | Reached skill level 5 in Poison Magic
  1288 | D:3      | Reached XP level 4. HP: 18/27 MP: 5/7
  1600 | D:5      | Entered Level 5 of the Dungeon
  1602 | D:5      | Killed from afar by an orc priest

Illustrated notes

Levels and vault maps discovered:
D:1:      eino_arrival_druids_welcome, layout_rooms,
          shapermc_ecumenical_altar_pompeii
D:2:      layout_loops_ring, basic_altar, grunt_ministairs_2, uniq_sigmund
D:3:      layout_rooms, minmay_fountain_box, kennysheep_decorative_pillar,
          hangedman_decor_clover_reticule, uniq_terence,
          uniq_crazy_yiuf_cottage, uniq_ijyb, uniq_grinder
D:4:      layout_basic, ebering_ghost_disaster_area, serial_forest,
          infiniplex_forest_lined_3, infiniplex_forest_corner_1,
          infiniplex_forest_fountain, infiniplex_forest_end_1,
          infiniplex_forest_side_room
D:5:      layout_gridville, minmay_temple_entry_tees, gammafunk_ghost_cemetery,
          skrybe_limestone_x, kennysheep_generic_room_14

Skill      XL: |  1  2  3  4 |
---------------+-------------+-----
Poison Magic   | 4 5 |  5.0
Stealth        | 3 |  3.0
Fighting       | |  0.1
Dodging        | |  2.2
Unarmed Combat | |  0.2
Spellcasting   | |  2.4
Transmutations | |  1.7

Action                   |  1- 3 |  4- 6 || total
-------------------------+-------+-------++-------
Melee: Unarmed           |    39 |    16 ||    55
       Constrict         |    13 |     3 ||    16
       Tentacles         |    15 |     1 ||    16
 Cast: Sting             |    30 |    12 ||    42
       Poisonous Vapours |       |     3 ||     3
 Stab: Sleeping          |     1 |       ||     1
Armor: Skin              |     3 |     2 ||     5
Dodge: Dodged            |    45 |    19 ||    64

Table legend: (Time is in decaauts)
 A = Elapsed time spent in this place.
 B = Non-inter-level travel time spent in this place.
 C = Inter-level travel time spent in this place.
 D = Time resting spent in this place.
 E = Time spent auto-exploring this place.
 F = Levels seen in this place.
 G = Mean time per level.
                   A        B        C        D        E       F      G
               +--------+--------+--------+--------+--------+-----+--------+
         Total |   1600 |   1600 |      0 |    329 |    890 |   5 |  320.0 |
       Dungeon |   1600 |   1600 |      0 |    329 |    890 |   5 |  320.0 |
               +--------+--------+--------+--------+--------+-----+--------+

Top non-repeatable levels by time:
     D:1: 927 daAuts
     D:2: 324 daAuts
     D:4: 293 daAuts
     D:3: 52 daAuts
     D:5: 1 daAuts
